 Dungeon Crawl Stone Soup version 0.29-a0-520-gc852659d43 (webtiles) character file.

Game seed: 1501123935065501736

103838 zishaf the Eclecticist (level 16, -8/128 HPs)
             Began as a Djinni Venom Mage on May 24, 2022.
             Was the Champion of Hepliaklqana.
             Mangled by a white draconian
             ... wielding a +2 scimitar of freezing
              (12 damage)
             ... in an ice cave on May 31, 2022.
             The game lasted 01:18:32 (33378 turns).

zishaf the Eclecticist (Djinni Venom Mage)         Turns: 33378, Time: 01:18:32

Health: -8/128     AC: 10    Str:  7    XL:     16   Next: 90%
Gold:   1120       EV: 12    Int: 28    God:    Hepliaklqana [******] SH:  5 Dex: 16

rFire   + + .      SeeInvis .   a - staff of poison
rCold   + + .      Faith    .   t - +0 buckler {reflect}
rNeg    . . .      Spirit   .   Y - +2 robe {rC+}
rPois   ∞          Reflect  +   n - +0 helmet {Int+3}
rElec   .          Harm     .   e - +1 cloak
rCorr   .          Rampage  .   Z - +2 pair of gloves
Will    +....                   (boots unavailable)
Stlth   ++........              i - amulet of Vitality {Regen+ HP+15}
HPRegen 1.11/turn               I - ring of protection from cold
MPRegen 0.00/turn               N - ring of protection from cold

@: flying
A: reduced essence, sickness immunity, fire resistance 2, cold vulnerability 1,
float, innate caster, HP casting, extra vitality 1, agile 1
a: Renounce Religion, Recall Ancestor, Ancestor Identity, Transference, Idealise


You were in an ice cave.
You worshipped Hepliaklqana.
Hepliaklqana was exalted by your worship.
You visited 3 branches of the dungeon, and saw 23 of its levels.
You also visited: Sewer, Ossuary, Ice Cave and Volcano.

You collected 2887 gold pieces.
You spent 1767 gold pieces at shops.

Inventory:

Missiles
 v - 8 throwing nets
Armour
 e - a +1 cloak (worn)
 n - a +0 helmet of intelligence (worn)
 t - a +0 buckler of reflection (worn)
 T - a +0 helmet of see invisible
 Y - a +2 robe of cold resistance (worn)
 Z - a +2 pair of gloves (worn)
Magical Staves
 a - a staff of poison (weapon)
 b - a staff of earth
Jewellery
 c - a +4 ring of evasion
 g - a +6 ring of intelligence
 i - the amulet of Vitality (around neck) {Regen+ HP+15}
   (You bought it in a shop on level 2 of the Orcish Mines)

   [amulet of regeneration]

   HP:        It affects your health (+15).
   Regen:     It increases your rate of health regeneration.
 D - a ring of positive energy
 I - a ring of protection from cold (left hand)
 L - a ring of protection from fire
 N - a ring of protection from cold (right hand)
 S - a ring of see invisible
 U - an amulet of reflection
Wands
 y - a wand of flame (54)
 F - a wand of paralysis (8)
 K - a wand of digging (5)
 O - a wand of mindburst (7)
 P - a wand of iceblast (18)
 W - a wand of acid (2)
Scrolls
 f - 5 scrolls of enchant weapon
 j - a scroll of summoning
 k - 5 scrolls of brand weapon
 l - 7 scrolls of fear
 p - 3 scrolls of poison
 u - 14 scrolls of teleportation
 A - 2 scrolls of enchant armour
 B - 3 scrolls of immolation
 C - 4 scrolls of fog
 E - 3 scrolls of silence
 G - a scroll of magic mapping
Potions
 d - 16 potions of curing
 h - 2 potions of ambrosia
 m - 5 potions of haste
 q - 4 potions of resistance
 r - a potion of invisibility
 s - 11 potions of might
 w - 3 potions of mutation
 x - 2 potions of berserk rage
 H - 2 potions of brilliance
 J - 2 potions of heal wounds
 M - 2 potions of lignification
 V - 2 potions of cancellation
Miscellaneous
 o - a phial of floods
 z - a phantom mirror
 Q - a condenser vane


   Skills:
 + Level 15.1 Fighting
 - Level 2.1 Dodging
 - Level 1.5 Stealth
 - Level 5.0 Shields
 * Level 16.6 Spellcasting
 - Level 10.0 Invocations
 + Level 6.4 Evocations


You had 14 spell levels left.
You knew the following spells:

 Your Spells              Type           Power      Damage    Failure   Level
a - Stone Arrow           Conj/Erth      100%       3d13      0%          3
b - Poisonous Vapours     Pois/Air       100%       N/A       0%          2
c - Mephitic Cloud        Conj/Pois/Air  100%       N/A       0%          3
d - Starburst             Conj/Fire      43%        6d12      1%          6
e - Iskenderun's Mystic   Conj/Tloc      86%        2d17      1%          4
f - Passwall              Tmut/Erth      71%        N/A       0%          2
g - Sting                 Tmut/Pois      100%       1d8       0%          1
h - Swiftness             Air            86%        N/A       0%          3
i - Slow                  Hex            100%       N/A       0%          1
A - Summon Forest         Summ/Tloc      43%        N/A       1%          5
B - Olgreb's Toxic Radia  Pois           100%       N/A       1%          4
Your spell library was empty.

Dungeon Overview and Level Annotations

Branches:
Dungeon (15/15)            Temple (0/1) D:5            Lair (6/6) D:11
 Shoals (0/4) Lair:4        Snake (0/4) Lair:3        Slime (0/5) Lair:5
    Orc (2/2) D:11            Elf (0/3) Orc:2        Vaults (0/5) D:13
 Depths (0/4) D:15          Sewer (visited)         Ossuary (visited)
  IceCv (1/1)             Volcano (visited)

Altars:
Hepliaklqana
Makhleb
Nemelex Xobeh
Qazlal
Ru
Trog
Uskayaw
Vehumet
Xom
Yredelemnul
Zin
Beogh
Jiyva
Lugonu

Shops:
Orc:1 *:(=   Orc:2 [=**

Portals:
Abyss: Lair:6
Pandemonium: Orc:2
Trove: D:12 (give +6 demon whip)

Annotations:
D:1 dig potion, dig gold
Lair:6 2 transporters, siradein's ghost, journeyman TrFi


Innate Abilities, Weirdness & Mutations

Your life essence is reduced to manifest your ancestor. (-10% HP)
You are immune to sickness and miasma.
You are immune to poison.
Your flesh is very heat resistant. (rF++)
You are vulnerable to cold. (rC-)
You float through the air rather than walking.
You learn spells naturally, not from books.
Your magical power is your life essence.
You have superior vitality. (+4 MHP)
You are agile. (Dex +2)


Message History

Confirm with . or Enter, or press ? or * to list all spells.
Okay, then.
Casting: Stone Arrow (safe; 0% risk of failure)
Confirm with . or Enter, or press ? or * to list all spells.
Casting: Starburst (mildly dangerous; 1% risk of failure)
Press: ? - help, Dir - look around, f - activate The bolt of fire hits the white draconian!!!
The white draconian is severely wounded.
* * * LOW HITPOINT WARNING * * *
The white draconian breathes frost at you.
The blast of cold hits you. You resist.
* * * LOW HITPOINT WARNING * * *
You feel much better.
The white draconian hits you with a +2 scimitar of freezing!
* * * LOW HITPOINT WARNING * * *
The white draconian freezes you.
* * * LOW HITPOINT WARNING * * *
Casting: Starburst (mildly dangerous; 1% risk of failure)
Confirm with . or Enter, or press ? or * to list all spells.
Aiming: Stone Arrow (safe; 0% risk of failure)
Press: ? - help, Shift-Dir - straight line, f - white draconian
Aim: a white draconian, wielding a +2 scimitar of freezing and wearing a +0 cloak (severely wounded, poisoned, 78% to hit)
The stone arrow hits the white draconian!!
The white draconian is almost dead.
* * * LOW HITPOINT WARNING * * *
The white draconian hits you with a +2 scimitar of freezing!
* * * LOW HITPOINT WARNING * * *
The white draconian freezes you.
* * * LOW HITPOINT WARNING * * *
Casting: Stone Arrow (safe; 0% risk of failure)
Confirm with . or Enter, or press ? or * to list all spells.
Aiming: Stone Arrow (safe; 0% risk of failure)
Press: ? - help, Shift-Dir - straight line, f/p - white draconian
Aim: a white draconian, wielding a +2 scimitar of freezing and wearing a +0 cloak (almost dead, poisoned, 78% to hit)
The stone arrow hits the white draconian!
The white draconian is almost dead.
* * * LOW HITPOINT WARNING * * *
The white draconian looks more healthy.
The white draconian hits you with a +2 scimitar of freezing!
You die...

##...##..# ###
###...##...# ..
##...####..## .⌠
#...####...# #.
##..# #....# #..
#..####..∩#
#.[####..##∩..##
#.d#.....#####
#[@..#.##
########


You could see a white draconian.

Vanquished Creatures
  Rupert (Lair:5)
  The ghost of Acaps the Warrior, a journeyman GrFi of Okawaru (Orc:1)
  Fannar (Lair:3)
  2 boulder beetles
  5 hydras
  A demonspawn (Orc:2)
  An anaconda (Lair:4)
  A two-headed ogre (Volcano)
  An ironbound frostheart (IceCv)
  2 alligators (Lair:4)
  4 centaur warriors
  A hell hog (Volcano)
  4 orc high priests
  2 thrashing horrors (Lair:6)
  A deep elf knight (D:13)
  An orange crystal statue (D:12)
  A deep elf pyromancer (D:14)
  An orc sorcerer (Orc:1)
  7 orc knights
  A faun (shapeshifter) (Lair:6)
  6 manticores
  2 oklob plants (Lair:3)
  An ugly thing (Lair:6)
  3 cyclopes
  A salamander (Volcano)
  7 elephants (Lair:6)
  4 black mambas
  3 smoke demons (Lair:6)
  2 gargoyles
  2 torpor snails (Lair:4)
  11 cane toads
  An unseen horror (D:11)
  4 rime drakes
  An ice devil (Orc:2)
  5 komodo dragons
  3 yaktaurs (D:13)
  A hellwing (Orc:2)
  2 ancient zymes (Lair:6)
  A red devil (Orc:2)
  8 trolls
  A polar bear (IceCv)
  3 meliai (D:14)
  8 blink frogs
  3 slime creatures (D:13)
  A snapping turtle (Lair:4)
  5 dream sheep (Lair:5)
  Sigmund (D:4)
  A shadow (D:13)
  20 yaks
  7 wyverns
  A fire bat (Volcano)
  5 basilisks
  6 redbacks (D:12)
  A steam dragon (D:7)
  8 small abominations (Lair:6)
  4 vampire mosquitoes
  4 wargs (Orc:2)
  2 acid dragons
  2 large abominations (Lair:6)
  2 nagas (Lair:3)
  12 water moccasins
  A hell hound (Volcano)
  26 orc warriors
  A sky beast (D:7)
  2 black bears
  2 ice beasts
  6 ogres
  9 centaurs
  4 wolves
  3 elf zombies (Ossuary)
  A kobold brigand (D:6)
  8 bullfrogs
  3 necrophages
  2 gnoll sergeants
  3 scorpions
  15 wights
  6 killer bees
  2 electric eels (Lair:4)
  3 howler monkeys
  A centaur zombie (Ossuary)
  2 jellies (Lair:5)
  A human zombie (Ossuary)
  2 hounds
  17 orc priests
  A gnoll shaman (D:5)
  Jessica (D:2)
  An iguana (D:6)
  Ijyb (D:3)
  10 orc wizards
  3 hell rats (Lair:3)
  A merfolk avatar (Sewer)
  A merfolk siren (Sewer)
  5 hound zombies (Ossuary)
  3 mummies (Ossuary)
  17 gnolls
  9 adders
  2 river rats (Sewer)
  2 shadow imps
  2 white imps (D:5)
  4 adder zombies (Ossuary)
  68 orcs
  6 ball pythons
  9 endoplasms
  10 giant cockroaches
  A gnoll zombie (Ossuary)
  7 goblins
  8 hobgoblins
  4 jackals
  11 quokkas
  7 bats
  8 frilled lizards
  3 goblin zombies (Ossuary)
  4 hobgoblin zombies (Ossuary)
  4 jackal zombies (Ossuary)
  8 kobolds
  5 kobold zombies (Ossuary)
  2 quokka zombies (Ossuary)
  23 rats
  A rat zombie (Ossuary)
576 creatures vanquished.

Vanquished Creatures (collateral kills)
  A fire giant (D:15)
  An orc warlord (Orc:2)
  Nessos (D:14)
  Snorg (Lair:5)
  A boulder beetle (D:14)
  6 hydras
  A demonspawn (Orc:2)
  An ironbound frostheart (IceCv)
  A centaur warrior (D:14)
  2 two-headed ogres
  A tengu warrior (D:14)
  3 orc high priests (Orc:2)
  A sun demon (Orc:2)
  An orc knight (Orc:1)
  2 ugly things
  A deep elf pyromancer (D:12)
  2 manticores
  A deep elf zephyrmancer (D:13)
  7 orc sorcerers
  A cyclops (D:14)
  4 black mambas
  7 elephants
  A torpor snail (Lair:6)
  4 cane toads
  A smoke demon (Orc:2)
  A rime drake (Lair:4)
  A freezing wraith (D:12)
  An efreet (D:15)
  3 komodo dragons
  4 polar bears
  3 trolls
  9 blink frogs
  2 dream sheep (Lair:5)
  A spriggan (Lair:6)
  26 yaks
  A vampire (D:11)
  2 ynoxinuls (Lair:6)
  A wraith (D:12)
  2 large abominations (Lair:6)
  A basilisk (Lair:1)
  A redback (D:12)
  2 vampire mosquitoes (D:12)
  A warg (Orc:2)
  2 acid dragons
  A water moccasin (Lair:6)
  2 hell hounds (Lair:2)
  19 orc warriors
  A sky beast (D:8)
  2 black bears
  3 centaurs
  6 wolves (Lair:2)
  A gnoll sergeant (D:9)
  5 bullfrogs
  4 wights
  2 small abominations (Lair:6)
  3 killer bees (D:7)
  10 orc priests
  7 orc wizards
  5 hell rats
  5 gnolls
  An adder (D:6)
  A white imp (D:6)
  32 orcs
  An endoplasm (Lair:5)
228 creatures vanquished.

Vanquished Creatures (others)
  A centaur (Volcano)
  19 battlemagi
  2 ancestors
  A bush (Lair:4)
  43 fungi
  54 plants
  3 snaplasher vines
123 creatures vanquished.

Grand Total: 927 creatures vanquished

Notes
Turn   | Place    | Note
-------+----------+-------------------------------------------
     0 | D:1      | zishaf the Djinni Venom Mage began the quest for the Orb.
     0 | D:1      | Reached XP level 1. HP: 15/15 MP: 0/0
    50 | D:1      | You are sucked into a shaft and drop 1 floor!
   206 | D:2      | Reached XP level 2. HP: 14/22 MP: 0/0
   482 | D:1      | Found a faded altar of an unknown god.
   524 | D:1      | Upgraded the game from 0.29-a0-477-g62b78b4225 to
                  | 0.29-a0-483-g69413ace17
   527 | D:1      | Reached skill level 1 in Fighting
   816 | D:1      | Reached XP level 3. HP: 22/27 MP: 0/0
   816 | D:1      | Learned a level 1 spell: Slow
   876 | D:1      | Reached skill level 3 in Spellcasting
  1791 | D:2      | Reached XP level 4. HP: 24/32 MP: 0/0
  2038 | D:2      | Noticed Jessica
  2047 | D:2      | Killed Jessica
  2686 | D:3      | Reached XP level 5. HP: 33/38 MP: 0/0
  2686 | D:3      | Learned a level 2 spell: Passwall
  2704 | D:3      | Reached skill level 4 in Spellcasting
  3393 | D:3      | Noticed Ijyb
  3403 | D:3      | Killed Ijyb
  3404 | D:3      | Reached XP level 6. HP: 36/45 MP: 0/0
  3832 | D:4      | Found a sand-covered staircase.
  3833 | D:4      | Identified the +1 leather armour of the Blushing Gods
                  | {Contam Int+6 Dex+4}
  3857 | Ossuary  | Entered an ossuary
  4425 | Ossuary  | Reached XP level 7. HP: 27/50 MP: 0/0
  4425 | Ossuary  | Learned a level 3 spell: Stone Arrow
  4715 | Ossuary  | Reached skill level 5 in Spellcasting
  5363 | D:4      | Noticed Sigmund
  5378 | D:4      | Killed Sigmund
  5379 | D:4      | Reached XP level 8. HP: 40/58 MP: 0/0
  5629 | D:4      | Found a bloodstained altar of Trog.
  5629 | D:4      | Found a hazy altar of Hepliaklqana.
  5697 | D:4      | Reached skill level 6 in Spellcasting
  5844 | D:4      | Became a worshipper of Hepliaklqana the Forgotten
  5868 | D:5      | Entered Level 5 of the Dungeon
  5979 | D:5      | Found a staircase to the Ecumenical Temple.
  6004 | D:5      | Reached skill level 5 in Fighting
  6661 | D:6      | Found a sparkling altar of Nemelex Xobeh.
  6733 | D:6      | Reached skill level 7 in Spellcasting
  6733 | D:6      | Reached XP level 9. HP: 59/66 MP: 0/0
  6733 | D:6      | Learned a level 3 spell: Swiftness
  6744 | D:6      | Found a glowing drain.
  6828 | Sewer    | Entered a sewer
  7184 | Sewer    | Reached * piety under Hepliaklqana
  8102 | D:6      | Reached skill level 8 in Spellcasting
  8374 | D:6      | Found a glowing silver altar of Zin.
  8511 | D:7      | Identified the +0 robe of Leapfrog {rF- rCorr MP+9 Int+3}
  8955 | D:7      | Reached XP level 10. HP: 49/67 MP: 0/0
  9122 | D:7      | Found a burning altar of Makhleb.
  9257 | D:7      | Reached skill level 9 in Spellcasting
  9543 | D:7      | Noticed a boulder beetle
  9553 | D:7      | Killed a boulder beetle
  9822 | D:7      | Reached ** piety under Hepliaklqana
  9823 | D:7      | Remembered your ancestor Tawil as a battlemage
 10050 | D:7      | Noticed a manticore
 10056 | D:7      | Killed a manticore
 10057 | D:7      | Reached skill level 1 in Shields
 10057 | D:7      | Reached skill level 10 in Spellcasting
 10261 | D:8      | Reached XP level 11. HP: 53/73 MP: 0/0
 10261 | D:8      | Learned a level 4 spell: Iskenderun's Mystic Blast
 10740 | D:8      | Found a basalt altar of Yredelemnul.
 10834 | D:8      | Found a stormy altar of Qazlal.
 11879 | D:9      | Reached *** piety under Hepliaklqana
 12097 | D:9      | Noticed a +0 spear
 12097 | D:9      | Noticed a +0 spear
 12098 | D:9      | Noticed a +0 short sword
 12099 | D:9      | Noticed a +0 falchion
 12099 | D:9      | Noticed a +0 short sword
 12099 | D:9      | Noticed a +0 dagger
 12099 | D:9      | Noticed a +0 dagger
 12100 | D:9      | Noticed a +0 falchion
 12103 | D:9      | Found a hide-covered altar of Uskayaw.
 12217 | D:9      | Found a basalt altar of Yredelemnul.
 12219 | D:9      | Found a shimmering altar of Xom.
 12219 | D:9      | Found a sparkling altar of Nemelex Xobeh.
 12221 | D:9      | Found a burning altar of Makhleb.
 12221 | D:9      | Found a glowing silver altar of Zin.
 12221 | D:9      | Found a blossoming altar of Fedhas.
 12477 | D:10     | Entered Level 10 of the Dungeon
 12690 | D:10     | Reached skill level 11 in Spellcasting
 12930 | D:10     | Noticed a two-headed ogre
 12938 | D:10     | Killed a two-headed ogre
 12939 | D:10     | Reached skill level 10 in Fighting
 12939 | D:10     | Reached skill level 5 in Shields
 13162 | D:10     | Reached XP level 12. HP: 74/81 MP: 0/0
 13493 | D:11     | Reached **** piety under Hepliaklqana
 13526 | D:11     | Reached skill level 1 in Invocations
 13526 | D:11     | Reached skill level 1 in Evocations
 13664 | D:11     | Found a staircase to the Lair.
 14011 | D:11     | Found a staircase to the Orcish Mines.
 14305 | D:11     | Identified the +2 robe of Qiymac {rF+}
 14372 | D:12     | Reached skill level 12 in Spellcasting
 14889 | D:12     | Noticed a four-headed hydra
 14893 | D:12     | Killed a four-headed hydra
 15569 | D:12     | Reached XP level 13. HP: 68/89 MP: 0/0
 15569 | D:12     | Learned a level 5 spell: Summon Forest
 15659 | D:12     | Found a portal to a secret trove of treasure.
 16108 | Lair:1   | Entered Level 1 of the Lair of Beasts
 16123 | Lair:1   | Reached ***** piety under Hepliaklqana
 16753 | Lair:2   | Found a dark tunnel.
 16841 | Volcano  | Entered a volcano
 17637 | Lair:2   | Noticed an eight-headed hydra
 17643 | Lair:2   | Killed an eight-headed hydra
 17644 | Lair:2   | Reached skill level 5 in Invocations
 17644 | Lair:2   | Reached skill level 5 in Evocations
 17963 | Lair:2   | Gained mutation: You are agile. (Dex +2) [potion of
                  | mutation]
 17963 | Lair:2   | Gained mutation: You have a pair of small horns on your
                  | head. [potion of mutation]
 17963 | Lair:2   | Gained mutation: You are resistant to electric shocks.
                  | (rElec) [potion of mutation]
 18376 | Lair:3   | Noticed Fannar
 18382 | Lair:3   | Killed Fannar
 18383 | Lair:3   | Reached skill level 13 in Spellcasting
 18394 | Lair:3   | Gained mutation: You tend to lose your temper in combat.
                  | [mutagenic glow]
 18397 | Lair:3   | Lost mutation: You are agile. (Dex +2) [potion of mutation]
 18397 | Lair:3   | Lost mutation: You tend to lose your temper in combat.
                  | [potion of mutation]
 18397 | Lair:3   | Lost mutation: You are resistant to electric shocks.
                  | (rElec) [potion of mutation]
 18397 | Lair:3   | Gained mutation: You are frail. (-10% HP) [potion of
                  | mutation]
 18397 | Lair:3   | Gained mutation: You are weak. (Str -2) [potion of
                  | mutation]
 18397 | Lair:3   | Lost mutation: You are weak. (Str -2) [potion of mutation]
 18397 | Lair:3   | Gained mutation: You possess an exceptional clarity of
                  | mind. [potion of mutation]
 18398 | Lair:3   | Lost mutation: You are frail. (-10% HP) [potion of
                  | mutation]
 18398 | Lair:3   | Lost mutation: You possess an exceptional clarity of mind.
                  | [potion of mutation]
 18398 | Lair:3   | Lost mutation: You have a pair of small horns on your head.
                  | [potion of mutation]
 18398 | Lair:3   | Gained mutation: You are weak. (Str -2) [potion of
                  | mutation]
 18440 | Lair:3   | Noticed a four-headed hydra
 18453 | Lair:3   | Killed a four-headed hydra
 18558 | Lair:3   | Found a staircase to the Snake Pit.
 20128 | Lair:4   | Noticed a boulder beetle
 20136 | Lair:4   | Killed a boulder beetle
 20236 | Lair:4   | Reached XP level 14. HP: 65/96 MP: 0/0
 20244 | Lair:4   | Found a staircase to the Shoals.
 21827 | Lair:4   | Reached ****** piety under Hepliaklqana
 22213 | Lair:4   | Reached skill level 14 in Spellcasting
 22657 | Lair:5   | Found a runed translucent door.
 22658 | Lair:5   | Found a viscous altar of Jiyva.
 22710 | Lair:5   | Found a staircase to the Slime Pits.
 22803 | Lair:5   | Noticed Rupert
 22813 | Lair:5   | Killed Rupert
 23177 | Lair:5   | Noticed Snorg
 23189 | Lair:5   | Killed Snorg
 23607 | Lair:6   | Entered Level 6 of the Lair of Beasts
 24043 | Lair:6   | Reached XP level 15. HP: 58/102 MP: 0/0
 24043 | Lair:6   | Learned a level 6 spell: Starburst
 24333 | Lair:6   | Found a sacrificial altar of Ru.
 24551 | Lair:6   | Found a transporter.
 24551 | Lair:6   | Found a transporter.
 24552 | Lair:6   | Noticed siradein's ghost (journeyman TrFi)
 25423 | Lair:6   | Reached skill level 15 in Spellcasting
 25797 | Lair:6   | Found a one-way gate to the infinite horrors of the Abyss.
 26521 | Lair:6   | Identified the +6 mace of the Vine {pain, Drain Str+4
                  | Dex+9}
 26886 | Lair:6   | Found a corrupted altar of Lugonu.
 26920 | Lair:6   | Upgraded the game from 0.29-a0-483-g69413ace17 to
                  | 0.29-a0-520-gc852659d43
 27189 | Orc:1    | Entered Level 1 of the Orcish Mines
 27190 | Orc:1    | Found Raot's General Store.
 27274 | Orc:1    | Found Kiar's Book Boutique.
 27452 | Orc:1    | Found Valuipto's Antique Weapon Shop.
 27456 | Orc:1    | Paralysed by an orc sorcerer for 4 turns
 27480 | Orc:1    | Found Xaotuonyote's Jewellery Shoppe.
 27548 | Orc:1    | Found a runed translucent gate.
 27549 | Orc:1    | Found a runed translucent gate.
 27549 | Orc:1    | Noticed Acaps's ghost (journeyman GrFi)
 27551 | Orc:1    | Found a runed translucent gate.
 27554 | Orc:1    | Identified the +1 chain mail "Veusis" {rPois rC+++ Dex-4
                  | Stlth+}
 27558 | Orc:1    | Identified the +1 quarterstaff "Demonslayer" {elec, rC+
                  | rN+}
 28132 | Orc:1    | Killed Acaps's ghost
 28284 | Orc:2    | Entered Level 2 of the Orcish Mines
 28318 | Orc:2    | Noticed an orc warlord
 28338 | Orc:2    | Killed an orc warlord
 28354 | Orc:2    | Reached skill level 10 in Invocations
 28952 | Orc:2    | Found a staircase to the Elven Halls.
 29147 | Orc:2    | Found Ziomnil's General Store.
 29151 | Orc:2    | Found Tizuug's General Store.
 29156 | Orc:2    | Reached XP level 16. HP: 85/110 MP: 0/0
 29420 | Orc:2    | Bought a scroll of teleportation for 39 gold pieces
 30643 | Orc:2    | Paralysed by an orc sorcerer for 3 turns
 30858 | Orc:2    | Reached skill level 16 in Spellcasting
 31157 | Orc:2    | Found Loephud's Jewellery Shop.
 31157 | Orc:2    | Found Noptaxze's Antique Armour Boutique.
 31158 | Orc:2    | Found a one-way gate leading to the halls of Pandemonium.
 31423 | Orc:2    | Bought a pair of runed gloves for 232 gold pieces
 31423 | Orc:2    | Bought a shiny buckler for 232 gold pieces
 31449 | Orc:2    | Bought the amulet of Vitality {Regen+ HP+15} for 1264 gold
                  | pieces
 31449 | Orc:2    | Found the amulet of Vitality {Regen+ HP+15}
 32303 | D:13     | Identified the +5 quarterstaff of Wu Jian's Condemnation
                  | {flame, Int+7}
 32393 | D:13     | Found a gate to the Vaults.
 32816 | D:14     | Noticed Nessos
 32824 | D:14     | Killed Nessos
 32840 | D:14     | Reached skill level 15 in Fighting
 32941 | D:14     | Lost mutation: You are weak. (Str -2) [potion of mutation]
 32941 | D:14     | Gained mutation: You are clumsy. (Dex -2) [potion of
                  | mutation]
 32942 | D:14     | Lost mutation: You are clumsy. (Dex -2) [potion of
                  | mutation]
 32942 | D:14     | Gained mutation: You are agile. (Dex +2) [potion of
                  | mutation]
 33172 | D:15     | Entered Level 15 of the Dungeon
 33231 | D:15     | Found a staircase to the Depths.
 33231 | D:15     | Noticed a fire giant
 33241 | D:15     | Killed a fire giant
 33270 | D:15     | Found a frozen archway.
 33296 | IceCv    | Entered an ice cave
 33372 | IceCv    | HP: 5/128 [white draconian/+2 scimitar of freezing (15)]
 33373 | IceCv    | HP: 2/128 [white draconian/+2 scimitar of freezing (1)]
 33378 | IceCv    | Mangled by a white draconian

Illustrated notes

Levels and vault maps discovered:
D:1:      dpeg_arrival_rooms_b, layout_basic, basic_ecumenical_altar,
          kennysheep_small_spiral, dreamdust_wishing_well, minmay_statues_item,
          item_on_display_a
D:2:      layout_basic, kennysheep_jessica_study
D:3:      wad_woods_tower, layout_basic, uniq_ijyb
D:4:      layout_rooms, gammafunk_temple_overflow_forgotten,
          nicolae_ossuary_entry_monument, uniq_sigmund
D:5:      layout_cave_pools, minmay_temple_entry_mist
D:6:      layout_basic, mainiacjoe_overflow_swirl, gup_sewer_entry_pipe
D:7:      layout_basic, bloody_makhleb, minmay_shattered_shrine
D:8:      layout_layer_cave, grunt_qazlal_clouds, marbit_many_paths
D:9:      layout_rooms, doesnt_xom_only_xom, nicolae_uskayaw_en_pointe,
          hangedman_abyss_or_decor_lesser_grid
D:10:     layout_roguey
D:11:     layout_rooms, david_lair_generic, david_orc_5
D:12:     layout_irregular_city, nicolae_trove_entry_diagonal, drop_trap,
          minivault_16, nrook_mini_backslash
D:13:     layout_cave_pods, hangedman_vaults_entry_quadrant_bands
D:14:     layout_basic, hangedman_decor_push, uniq_nessos
D:15:     grunt_enter_depths_giant_problem, layout_irregular_city,
          serial_bayou_shore_a, portal_ice_cave_entry_pillars_2, st_stairs_2,
          minmay_misc_feat_room
Lair:1:   layout_cave_shapes, grunt_megastairs_3
Lair:2:   layout_chaotic_city, enter_volcano_3, lemuel_fruit_tree
Lair:3:   dpeg_oklob_gauntlet, layout_gridlike, guppyfry_snake_entry_garden,
          beast_lair_carwin_3, uniq_fannar
Lair:4:   layout_loops_ring, minmay_shoals_entry_hut, nicolae_lair_lakeside_cave
Lair:5:   layout_roguey, slime_altar_2, st_stairs_4, uniq_snorg, uniq_rupert
Lair:6:   hellmonk_lair_end_abyssal_woods, layout_long_grid, basic_altar,
          gammafunk_ghost_hive
Orc:1:    layout_caves, biasface_ghost_orc_armoury, serial_shops, shop,
          nicolae_shop_hallway_stairs, shop, nicolae_shop_advertising_works
          [nicolae_subvault_shop_adworks], nicolae_orc_sculptors_studio
Orc:2:    pf_orc_diabolical, layout_caves
IceCv:    ice_cave_caverns_03

Skill      XL: |  1  2  3  4  5  6  7  8  9 10 11 12 13 14 15 16 |
---------------+-------------------------------------------------+-----
Fighting       | 1 2 3 4 5 7 8 10 11 12 13 14 15 | 15.1
Spellcasting   | 3 4 5 7 8 10 11 12 13 14 15 16 | 16.6
Shields        | 2 5 |  5.0
Invocations    | 3 6 8 10 | 10.0
Evocations     | 3 5 6 |  6.4
Dodging        | |  2.1
Stealth        | |  1.5

Action                   |  1- 3 |  4- 6 |  7- 9 | 10-12 | 13-15 | 16-18 || total
-------------------------+-------+-------+-------+-------+-------+-------++-------
Melee: Unarmed           |     1 |       |       |       |       |       ||     1
       Staff             |       |    10 |    38 |    14 |    14 |     1 ||    77
       Dagger            |       |   132 |     6 |       |       |       ||   138
       Punch             |       |     3 |       |       |       |       ||     3
       Headbutt          |       |       |       |       |     2 |       ||     2
 Cast: Sting             |    72 |    69 |    63 |       |     1 |       ||   205
       Mephitic Cloud    |       |     2 |     4 |     1 |     1 |     4 ||    12
       Olgreb's Toxic Ra |       |     2 |     7 |    38 |    52 |    24 ||   123
       Poisonous Vapours |       |     1 |    22 |     4 |     3 |     3 ||    33
       Slow              |       |    21 |       |       |       |       ||    21
       Stone Arrow       |       |       |    81 |   115 |   303 |   132 ||   631
       Swiftness         |       |       |     1 |       |     1 |       ||     2
       Iskenderun's Myst |       |       |       |     1 |       |       ||     1
       Summon Forest     |       |       |       |       |    10 |     1 ||    11
       Starburst         |       |       |       |       |     7 |     6 ||    13
Invok: Ancestor Life: Ba |       |       |       |     1 |       |       ||     1
       Recall Ancestor   |       |       |       |       |     3 |       ||     3
       Idealise          |       |       |       |       |     2 |     2 ||     4
  Use: Scroll            |       |     7 |       |    14 |    13 |     3 ||    37
       Potion            |       |       |       |       |     4 |     5 ||     9
 Stab: Distracted        |       |       |       |     1 |       |       ||     1
Armor: Robe              |     3 |     3 |       |       |    20 |    10 ||    36
       Leather armour    |       |    29 |    31 |     8 |     3 |       ||    71
Dodge: Dodged            |    29 |   123 |    88 |    47 |    74 |    48 ||   409
Block: Buckler           |       |       |       |    12 |       |    15 ||    27
       Kite shield       |       |       |       |     1 |   114 |    17 ||   132
       Reflection        |       |       |       |       |     8 |     6 ||    14

Table legend: (Time is in decaauts)
 A = Elapsed time spent in this place.
 B = Non-inter-level travel time spent in this place.
 C = Inter-level travel time spent in this place.
 D = Time resting spent in this place.
 E = Time spent auto-exploring this place.
 F = Levels seen in this place.
 G = Mean time per level.
                   A        B        C        D        E       F      G
               +--------+--------+--------+--------+--------+-----+--------+
         Total |  33404 |  32443 |    961 |   7413 |  19685 |  27 | 1237.2 |
       Dungeon |  16109 |  15597 |    512 |   1794 |  11378 |  15 | 1073.9 |
          Lair |  10386 |   9982 |    404 |   2972 |   5710 |   6 | 1731.0 |
  Orcish Mines |   4067 |   4023 |     44 |   1397 |   1791 |   2 | 2033.5 |
         Sewer |    629 |    629 |      0 |    130 |    312 |   1 |  629.0 |
       Ossuary |   1451 |   1451 |      0 |    790 |    342 |   1 | 1451.0 |
      Ice Cave |     81 |     81 |      0 |     25 |      0 |   1 |   81.0 |
       Volcano |    678 |    678 |      0 |    305 |    152 |   1 |  678.0 |
               +--------+--------+--------+--------+--------+-----+--------+

Top non-repeatable levels by time:
  Lair:6: 3466 daAuts
   Orc:2: 3003 daAuts
  Lair:4: 2555 daAuts
    D:12: 1749 daAuts
     D:7: 1724 daAuts
  Lair:3: 1654 daAuts
     D:8: 1567 daAuts
     D:1: 1483 daAuts
 Ossuary: 1451 daAuts
    D:11: 1391 daAuts
     D:6: 1239 daAuts
     D:3: 1223 daAuts
    D:13: 1128 daAuts
     D:2: 1095 daAuts
  Lair:5: 1094 daAuts
